 Dungeon Crawl Stone Soup version 0.29-a0-322-g68df515428 (webtiles) character file.

Game seed: 13291381497103307784

513 EriolAelfwine the Shield-Bearer (level 7, -7/62 HPs)
             Began as a Minotaur Fighter on Apr 5, 2022.
             Was an Initiate of the Shining One.
             Killed from afar by an acid dragon (21 damage)
             ... with a splash of acid
             ... on level 5 of the Dungeon.
             The game lasted 00:07:40 (4476 turns).

EriolAelfwine the Shield-Bearer (Minotaur Fighter)  Turns: 4476, Time: 00:07:41

Health: -7/62      AC:  3    Str: 23    XL:     7   Next: 0%
Magic:  6/6        EV:  6    Int:  5    God:    the Shining One [......]
Gold:   231        SH: 13    Dex:  9    Spells: 6/6 levels left

rFire   . . .      SeeInvis +   a - +0 war axe
rCold   . . .      Faith    .   o - +0 kite shield
rNeg    . . .      Spirit   .   n - +0 chain mail
rPois   .          Reflect  +   (helmet restricted)
rElec   .          Harm     .   (no cloak)
rCorr   .          Rampage  .   x - +0 pair of gloves
Will    .....                   (no boots)
Stlth   ..........              t - amulet of reflection
HPRegen 0.20/turn               p - ring of see invisible
MPRegen 0.10/turn               (no ring)

@: corroded, glowing
A: horns 2, retaliatory headbutt
a: Renounce Religion


You were on level 5 of the Dungeon.
You worshipped the Shining One.
The Shining One was noncommittal.
You visited 2 branches of the dungeon, and saw 6 of its levels.

You collected 231 gold pieces.

Inventory:

Hand Weapons
 a - a +0 war axe (weapon)
 j - a +2 mace of protection
Armour
 n - a +0 chain mail (worn)
 o - a +0 kite shield (worn)
 x - a +0 pair of gloves (worn)
Jewellery
 p - a ring of see invisible (left hand)
 s - a ring of fire
 t - an amulet of reflection (around neck)
Wands
 c - a wand of digging (7)
Scrolls
 e - 3 scrolls of teleportation {unknown}
 g - 5 scrolls of identify {unknown}
 k - a scroll of vulnerability {unknown}
 l - a scroll of amnesia {unknown}
 m - a scroll of silence {unknown}
 v - a scroll of immolation {unknown}
 w - a scroll of enchant armour {unknown}
 y - 2 scrolls of fear {unknown}
Potions
 b - 2 potions of haste {unknown}
 d - a potion of might
 f - a potion of attraction {unknown}
 h - 2 potions of mutation {unknown}
 i - a potion of magic {unknown}
 q - a potion of lignification {unknown}
 r - 2 potions of curing {unknown}
 u - a potion of flight {unknown}


   Skills:
 + Level 5.6 Fighting
 + Level 5.0 Axes
 + Level 5.6 Armour
 + Level 5.7 Shields


You had 6 spell levels left.
You didn't know any spells.
Your spell library contained the following spells:

 Spells                   Type           Power      Damage    Failure   Level
 Slow                     Hex            0%         N/A       100%        1
 Confusing Touch          Hex            0%         N/A       100%        3
 Vampiric Draining        Necr           0%         2d6       100%        3


Dungeon Overview and Level Annotations

Branches:
Dungeon (5/15)             Temple (1/1) D:4

Altars:
Ashenzari
Cheibriados
Elyvilon
Fedhas
Gozag
Hepliaklqana
Makhleb
Nemelex Xobeh
Qazlal
Ru
Sif Muna
Trog
Vehumet
Wu Jian
Xom
Yredelemnul
Zin
The Shining One


Innate Abilities, Weirdness & Mutations

You have a pair of horns on your head.
You reflexively headbutt those who attack you in melee.


Message History

Search for what [Enter for "oki", or ? for help]? ok Done exploring.
Done exploring.
Done exploring.
Done exploring.
Done exploring.
Search for what [Enter for "ok", or ? for help]? .
There is a stone staircase leading up here.
There is a stone staircase leading down here.
You climb downwards.
You hear the hiss of flowing sand.
There is an entrance to an ossuary on this level.
Hurry and find it before the portal is buried!
Found 11 gold pieces and 14 stones.
Found a stone staircase leading up.
There is a stone staircase leading up here.
Unknown command.
An acid dragon comes into view.
Found a stone staircase leading down.
The acid dragon roars!
The acid dragon spits acid at you. The splash of acid misses you.
You hear an angry hiss.
You hear a bark!
The acid dragon spits acid at you. The splash of acid hits you!
The acid corrodes you!
You see here 11 gold pieces.
You hit the acid dragon but do no damage.
You headbutt the acid dragon, but do no damage.
You block the acid dragon's attack.
The acid dragon claws you but does no damage.
You closely miss the acid dragon. Your headbutt misses the acid dragon.
The acid dragon completely misses you. You block the acid dragon's attack.
A hound comes into view.
You closely miss the acid dragon. The acid dragon spits acid at you.
The splash of acid hits you!!
Ouch! That really hurt!
* * * LOW HITPOINT WARNING * * *
The acid corrodes you! The acid dragon spits acid at you.
The splash of acid hits you!!
You die...

. #.... ......
###.#h.. ...#..
# #.#.. #.#...#
# #.....####.###
..#.#.....<....#
...<...@###....#
######.D# ....#
..... ....#
####.## ....#
#>. ...... ###
....### #.(..


You could see an acid dragon (catching breath) and a hound.

Vanquished Creatures
  Grinder (D:3)
  An orc priest (D:3)
  Jessica (D:2)
  Natasha (thrice) (D:4)
  5 adders
  6 gnolls
  2 worms
  A dart slug (D:2)
  4 orcs (D:3)
  3 bats
  9 endoplasms
  2 giant cockroaches
  4 goblins
  3 hobgoblins
  8 jackals
  3 kobolds
  5 quokkas
  5 ball pythons
  2 frilled lizards
  7 rats
75 creatures vanquished.

Notes
Turn   | Place    | Note
-------+----------+-------------------------------------------
     0 | D:1      | EriolAelfwine the Minotaur Fighter began the quest for the
                  | Orb.
     0 | D:1      | Reached XP level 1. HP: 19/19 MP: 0/0
     7 | D:1      | Found a faded altar of an unknown god.
   497 | D:1      | Reached XP level 2. HP: 27/27 MP: 1/1
   675 | D:2      | Reached XP level 3. HP: 33/33 MP: 2/2
  1119 | D:2      | Noticed Jessica
  1129 | D:2      | Killed Jessica
  1130 | D:2      | Reached XP level 4. HP: 19/40 MP: 3/3
  2180 | D:3      | Noticed Grinder
  2393 | D:3      | Reached XP level 5. HP: 46/47 MP: 4/4
  2655 | D:3      | Paralysed by Grinder for 7 turns
  2663 | D:3      | Paralysed by Grinder for 5 turns
  2671 | D:3      | Paralysed by Grinder for 6 turns
  2682 | D:3      | Killed Grinder
  2683 | D:3      | Reached skill level 5 in Fighting
  2683 | D:3      | Reached skill level 5 in Armour
  2683 | D:3      | Reached skill level 5 in Shields
  2683 | D:3      | Reached XP level 6. HP: 23/56 MP: 5/5
  3407 | D:4      | Found a broken altar of Ashenzari.
  3442 | D:4      | Noticed Natasha
  3450 | D:4      | Killed Natasha
  3491 | D:4      | Noticed Natasha
  3497 | D:4      | Killed Natasha
  3593 | D:4      | Found a hazy altar of Hepliaklqana.
  3751 | D:4      | Found an opulent altar of Gozag.
  3929 | D:4      | Reached skill level 5 in Axes
  4192 | D:4      | Noticed Natasha
  4197 | D:4      | Killed Natasha
  4238 | D:4      | Reached XP level 7. HP: 59/62 MP: 6/6
  4262 | D:4      | Found a staircase to the Ecumenical Temple.
  4274 | Temple   | Entered the Ecumenical Temple
  4390 | Temple   | Became a worshipper of the Shining One
  4469 | D:5      | Entered Level 5 of the Dungeon
  4476 | D:5      | Killed from afar by an acid dragon

Illustrated notes

Levels and vault maps discovered:
D:1:      roderic_dead_forest, layout_loops_cross, basic_ecumenical_altar
D:2:      layout_loops_corners, uniq_jessica
D:3:      layout_loops_ring, uniq_grinder
D:4:      layout_loops_ring, nicolae_gozag_cash_rules_everything_around_me,
          evilmike_ruin_ashenzari, lemuel_round_altar,
          minmay_temple_entry_fiery, uniq_natasha
D:5:      layout_basic, gup_ossuary_entry_pyramid, minmay_misc_feat_room,
          uniq_sigmund
Temple:   regret_index_temple_waves

Skill      XL: |  1  2  3  4  5  6 |
---------------+-------------------+-----
Fighting       | 4 5 |  5.6
Axes           | 3 4 5 |  5.0
Armour         | 4 5 |  5.6
Shields        | 4 5 |  5.7

Action                   |  1- 3 |  4- 6 |  7- 9 || total
-------------------------+-------+-------+-------++-------
Melee: War axe           |    37 |   123 |     3 ||   163
       Headbutt          |     6 |    23 |     1 ||    30
Armor: Scale mail        |    23 |    18 |       ||    41
       Chain mail        |       |    51 |     1 ||    52
Dodge: Dodged            |    22 |    47 |     2 ||    71
Block: Buckler           |     8 |    12 |       ||    20
       Kite shield       |       |    36 |     2 ||    38

Table legend: (Time is in decaauts)
 A = Elapsed time spent in this place.
 B = Non-inter-level travel time spent in this place.
 C = Inter-level travel time spent in this place.
 D = Time resting spent in this place.
 E = Time spent auto-exploring this place.
 F = Levels seen in this place.
 G = Mean time per level.
                   A        B        C        D        E       F      G
               +--------+--------+--------+--------+--------+-----+--------+
         Total |   4550 |   4368 |    182 |      0 |   3741 |   6 |  758.3 |
       Dungeon |   4412 |   4265 |    147 |      0 |   3661 |   5 |  882.4 |
        Temple |    137 |    102 |     35 |      0 |     80 |   1 |  137.0 |
               +--------+--------+--------+--------+--------+-----+--------+

Top non-repeatable levels by time:
     D:2: 1462 daAuts
     D:3: 1384 daAuts
     D:4: 946 daAuts
     D:1: 611 daAuts
  Temple: 137 daAuts
     D:5: 7 daAuts
